 Dungeon Crawl Stone Soup version 0.17-a0-1393-gcb420ff (console) character file.

121 lauthentik the Sneak (level 4, -3/30 HPs)
             Began as a Vampire Enchanter on June 16, 2015.
             Was a Believer of Cheibriados.
             Slain by a worm (8 damage)
             ... on level 2 of the Dungeon.
             The game lasted 00:09:32 (2069 turns).

lauthentik the Sneak (Vampire Enchanter)            Turns: 2069, Time: 00:09:32

Health: -3/30      AC:  4    Str: 13    XL:     4   Next: 76%
Magic:  0/7        EV: 14    Int: 24    God:    Cheibriados [**....]
Gold:   85         SH:  0    Dex: 20    Spells: 3 memorised, 1 level left

rFire  x . .     SeeInvis +     a - +1 dagger
rCold  + + +     Clarity  .     b - +1 robe
rNeg   + + +     SustAt   .     (no shield)
rPois  +         Gourm    .     (no helmet)
rElec  .         Spirit   .     (no cloak)
rCorr  .         Warding  .     g - +0 pair of gloves
rMut   .         Stasis   .     (no boots)
MR     .....                    (no amulet)
Stlth  ++++......               (no ring)
                                q - ring of ice

@: regenerating slowly, very slow, not resistant to hostile enchantments,
stealthy
A: fangs 3, see invisible, unbreathing
a: Bat Form, Bend Time, Renounce Religion


You were on level 2 of the Dungeon.
You worshipped Cheibriados.
Cheibriados was pleased with you.
You were near bloodless.

You visited 1 branch of the dungeon, and saw 2 of its levels.

You collected 85 gold pieces.

Inventory:

Hand weapons
 a - a +1 dagger (weapon)
Armour
 b - a +1 robe (worn)
 g - a +0 pair of gloves (worn)
 k - a +0 robe
Jewellery
 q - a ring of ice (left hand)
Scrolls
 h - a scroll of identify {unknown}
 j - 2 scrolls of teleportation {unknown}
 l - a scroll of blinking {unknown}
 m - a scroll of fog {unknown}
 o - a scroll of enchant weapon {unknown}
 p - a scroll of remove curse {unknown}
 s - a scroll of recharging {unknown}
Potions
 e - 2 potions of resistance {unknown}
 f - a potion of magic {unknown}
 i - a potion of brilliance {unknown}
 n - a potion of degeneration {unknown}
 r - a potion of agility {unknown}
Books
 c - a book of Maledictions

   Spells                             Type                      Level
   a - Corona                         Hexes                        1
   b - Ensorcelled Hibernation        Hexes/Ice                    2
   c - Confuse                        Hexes                        3
   d - Tukima's Dance                 Hexes                        3
   e - Dazzling Spray                 Conjuration/Hexes            3


   Skills:
 + Level 0.1 Fighting
 + Level 1.4 Short Blades
 + Level 2.7 Dodging
 + Level 6.2 Stealth
 + Level 2.4 Spellcasting
 + Level 5.5 Hexes
 + Level 0.8 Ice Magic


You had one spell level left.
You knew the following spells:

 Your Spells              Type           Power        Failure   Level  Hunger
a - Ensorcelled Hibernat  Hex/Ice        ####..       6%          2    ##.....
b - Corona                Hex            ####...      1%          1    None
c - Confuse               Hex            ####....     3%          3    ###....


Dungeon Overview and Level Annotations

Branches:
Dungeon (2/15)

Altars:
Cheibriados


Innate Abilities, Weirdness & Mutations

You heal slowly.
You have razor-sharp teeth.
You have supernaturally acute eyesight.
You can survive without breathing.


Message History

Press: ? - help, Shift-Dir - straight line, f/p - worm
Aim: a worm (chance to defeat MR: 65%)
You feel a surge of power!
The worm resists with significant effort.
You feel almost devoid of blood!
Casting: Ensorcelled Hibernation
Confirm with . or Enter, or press ? or * to list all spells.
Aiming: Ensorcelled Hibernation
Press: ? - help, Shift-Dir - straight line, f/p - worm
Aim: a worm (chance to defeat MR: 65%)
You feel a surge of power!
The worm resists with significant effort.
The worm bites you.
* * * LOW HITPOINT WARNING * * *
You hit the worm.
The worm is moderately wounded.
You barely miss the worm.
The worm is moderately wounded.
The worm bites you!
You die...

................##.#..####
##.####.#..#.#.....#.....#
#.........#.#######!...##.#
##..###.##.#......##)......#
....# #.##...####.##..!#
###.# #.###.......##...#
....###.# #..#######...#
........###..#######...#
........).......@w†)†..#
.......#####.#######..#####
.......'.......>............
.......#####.##.############
######## #..#.# ##.#.# #...#
##..# ###### #..#


You could see a worm.

Vanquished Creatures
  3 adders (D:2)
  A gnoll (D:1)
  2 oozes
  3 worms (D:2)
  8 bats
  2 giant cockroaches
  17 goblins
  8 hobgoblins
  2 jackals (D:1)
  5 kobolds
  2 ball pythons (D:2)
  A giant newt (D:1)
  6 rats
60 creatures vanquished.

Notes
Turn   | Place    | Note
--------------------------------------------------------------
     0 | D:1      | lauthentik the Vampire Enchanter began the quest for the Orb.
     0 | D:1      | Reached XP level 1. HP: 13/13 MP: 3/3
    76 | D:1      | Found a snail-covered altar of Cheibriados.
    84 | D:1      | Became a worshipper of Cheibriados the Contemplative
   130 | D:1      | Reached XP level 2. HP: 7/19 MP: 3/5
   401 | D:1      | Reached skill level 5 in Hexes
   478 | D:1      | Learned a level 2 spell: Ensorcelled Hibernation
   751 | D:1      | Reached skill level 5 in Stealth
   751 | D:1      | Reached XP level 3. HP: 24/24 MP: 6/6
   791 | D:1      | Learned a level 3 spell: Confuse
   865 | D:1      | Acquired Cheibriados's first power
  1439 | D:2      | Reached XP level 4. HP: 30/30 MP: 4/7
  1738 | D:2      | Reached skill level 6 in Stealth
  2069 | D:2      | Slain by a worm

Vault maps used:
D:1:      moated_graveyard_arrival, minmay_splitting_lines, cheibriados_altar_1
D:2:      kennysheep_the_goblin_king, minmay_gold_behind_fungi,
          kennysheep_potato

Action                   |  1- 3 |  4- 6 || total
-------------------------+-------+-------++-------
Melee: Dagger            |   104 |    70 ||   174
 Cast: Corona            |     5 |       ||     5
       Ensorcelled Hiber |    10 |    19 ||    29
 Stab: Sleeping          |    21 |    16 ||    37
       Distracted        |     1 |       ||     1
